 Dungeon Crawl Stone Soup version 0.21-a0-516-gaaff437 (webtiles) character file.

1964 Starchild the Blocker (level 9, -3/64 HPs)
             Began as a Formicid Fighter on Dec 3, 2017.
             Blown up by Pikel (15 damage)
             ... with a wand of disintegration (9)
             ... on level 6 of the Dungeon.
             The game lasted 00:19:09 (5744 turns).

Starchild the Blocker (Formicid Fighter)            Turns: 5744, Time: 00:19:09

Health: -3/64      AC: 10    Str: 20    XL:     9   Next: 42%
Magic:  18/18      EV:  9    Int:  9    God:
Gold:   286        SH: 13    Dex: 13    Spells: 8/8 levels left

rFire    x . .     SeeInvis +   a - +0 long sword
rCold    + + .     Gourm    .   c - +1 shield
rNeg     . . .     Faith    .   i - +0 ice dragon scales
rPois    .         Spirit   .   (helmet unavailable)
rElec    .         Reflect  .   (no cloak)
rCorr    .         Harm     .   (no gloves)
MR       .....                  (no boots)
Stlth    ..........             (no amulet)
HPRegen  0.20/turn              e - ring of magical power
MPRegen  0.16/turn              (no ring)

@: no status effects
A: permanent stasis, dig shafts and tunnels, four strong arms, antennae 3
a: Dig, Shaft Self


You were on level 6 of the Dungeon.
You were not hungry.

You visited 1 branch of the dungeon, and saw 6 of its levels.
You also visited: Sewer.

You collected 286 gold pieces.

Inventory:

Hand Weapons
 a - a +0 long sword (weapon)
 p - a +0 great sword
 u - a +0 hunting sling of flaming
Missiles
 x - 2 throwing nets (quivered)
Armour
 b - a +0 scale mail
 c - a +1 shield (worn)
 i - +0 ice dragon scales (worn)
Jewellery
 e - a ring of magical power (left hand)
 A - an uncursed amulet of rage
Scrolls
 l - 3 scrolls of magic mapping
 n - 2 scrolls of remove curse
 o - 6 scrolls of teleportation
 q - a scroll of enchant armour
 r - a scroll of fear
 y - a scroll of enchant weapon {unknown}
Potions
 d - 2 potions of might
 g - 2 potions of haste
 j - 2 potions of flight
 m - a potion of brilliance {unknown}
 t - 2 potions of lignification {unknown}
 v - a potion of agility {unknown}
 w - 3 potions of heal wounds {unknown}
 z - 2 potions of magic {unknown}
Comestibles
 f - 7 bread rations
 h - a royal jelly
 k - 4 meat rations
 s - a chunk of flesh


   Skills:
 - Level 3.2 Fighting
 + Level 8.2 Long Blades
 - Level 3.2 Armour
 - Level 10.8 Shields


You had 8 spell levels left.
You didn't know any spells.

Dungeon Overview and Level Annotations

Branches:
Dungeon (6/15)
 Temple: D:4-7

Altars:
Cheibriados
Elyvilon
Fedhas
Gozag
Hepliaklqana
Kikubaaqudgha
Ru
Wu Jian
The Shining One

Shops:
D:4 :

Annotations:
D:6 Pikel


Innate Abilities, Weirdness & Mutations

You cannot be hasted, slowed, berserked, paralysed or teleported.
You can dig through walls and to a lower floor.
Your four strong arms can wield two-handed weapons with a shield.
You have a pair of large antennae on your head. (SInv)


Message History

Pikel says, "You'll fetch a fair price!"
You block Pikel's attack.
You barely miss Pikel.
Pikel is moderately wounded.
Pikel says, "You'll fetch a fair price!"
Pikel zaps a wand.
You are blasted!
It is a wand of disintegration (11).
You hit Pikel.
Pikel is heavily wounded.
Pikel zaps a wand.
You are blasted!
Your ice dragon scales prevents you from hitting Pikel.
Pikel is heavily wounded.
Pikel zaps a wand.
You are blasted!
* * * LOW HITPOINT WARNING * * *
You hit Pikel.
Pikel is heavily wounded.
You block Pikel's attack.
You hit Pikel but do no damage.
Pikel is heavily wounded.
Pikel zaps a wand.
You are blasted!
You die...

#... #.#p#.#..#...
..o.....##.. {
#.#.#.#.##.. #.. { {
..p....{...# #.#
.#.#.#..#.# #.#### ..{{{{
#.# #....# # #.##p###<#
#.##.# #.####.##opK@.#
#.##)##.##
#.........###.###........#
#..#.....##
#...[..#####.#.#
#......### #.[###.# .W.#
#.........####..# #.# #..#
#.......#.......# #.#
##..##
#.#.....#.####.####'##
#..... #......##.#
#.#.....####..... #.#....
#.####.#.....'..#..>..


You could see Pikel, an orc warrior and 2 slaves.

Vanquished Creatures
  The ghost of bworf the Cudgeler, a novice GnWn of Sif Muna (D:6)
  A phantom (D:4)
  The ghost of Thaneod the Bolt Thrower, an amateur MiHu (D:3)
  A centaur (D:5)
  A scorpion (D:6)
  2 howler monkeys
  4 wights (D:6)
  3 crimson imps
  A quasit (D:5)
  A hound (D:3)
  2 gnoll shamans (D:2)
  An orc priest (D:3)
  An orc wizard (D:4)
  Jessica (D:3)
  Terence (D:3)
  2 iguanas (D:4)
  7 worker ants
  A killer bee zombie (D:4)
  A worker ant zombie (D:6)
  2 howler monkey skeletons (D:4)
  16 gnolls
  10 adders
  2 river rats
  A shadow imp (D:6)
  3 worms
  2 dart slugs
  4 leopard geckos
  14 orcs
  3 bats
  7 giant cockroaches
  9 goblins
  7 hobgoblins
  10 jackals
  3 kobolds
  2 quokkas
  4 ball pythons
  16 frilled lizards
  A giant cockroach zombie (D:5)
  A leopard gecko skeleton (D:5)
  14 rats
164 creatures vanquished.

Notes
Turn   | Place    | Note
-------+----------+-------------------------------------------
     0 | D:1      | Starchild the Formicid Fighter began the quest for the Orb.
     0 | D:1      | Reached XP level 1. HP: 18/18 MP: 1/1
    51 | D:1      | Reached XP level 2. HP: 19/24 MP: 2/2
   265 | D:1      | Reached XP level 3. HP: 29/29 MP: 3/3
   615 | D:2      | Found a sacrificial altar of Ru.
   677 | D:2      | Reached XP level 4. HP: 23/35 MP: 4/4
  1172 | D:3      | Noticed Terence
  1189 | D:3      | Killed Terence
  1212 | D:3      | Noticed Jessica
  1217 | D:3      | Killed Jessica
  1217 | D:3      | Reached skill level 5 in Long Blades
  1217 | D:3      | Reached XP level 5. HP: 31/41 MP: 5/5
  1352 | D:3      | Noticed Thaneod's ghost (amateur MiHu)
  1377 | D:3      | Killed Thaneod's ghost
  1377 | D:3      | Reached XP level 6. HP: 18/47 MP: 6/6
  1832 | D:3      | Found a blossoming altar of Fedhas.
  2080 | D:3      | HP: 2/47 [gnoll (3)]
  2336 | D:2      | Reached XP level 7. HP: 16/52 MP: 7/7
  3282 | D:4      | Found a glowing drain.
  3310 | Sewer    | Entered a sewer
  3953 | D:4      | Reached skill level 4 in Shields
  4190 | D:4      | Reached XP level 8. HP: 56/58 MP: 8/8
  4283 | D:4      | Reached skill level 5 in Shields
  4286 | D:4      | Found Xotystru's Book Boutique.
  4448 | D:4      | Reached skill level 6 in Shields
  4841 | D:5      | Entered Level 5 of the Dungeon
  4841 | D:5      | Found a glowing golden altar of the Shining One.
  4841 | D:5      | Found an opulent altar of Gozag.
  4841 | D:5      | Found a snail-covered altar of Cheibriados.
  4843 | D:5      | Found an ancient bone altar of Kikubaaqudgha.
  4843 | D:5      | Found a white marble altar of Elyvilon.
  4843 | D:5      | Found a hazy altar of Hepliaklqana.
  4843 | D:5      | Found an ornate altar of the Wu Jian Council.
  4951 | D:5      | Reached skill level 7 in Shields
  5277 | D:5      | Reached skill level 8 in Shields
  5462 | D:6      | Reached skill level 9 in Shields
  5462 | D:6      | Reached XP level 9. HP: 50/64 MP: 9/9
  5474 | D:6      | Noticed bworf's ghost (novice GnWn)
  5488 | D:6      | Found a glowing golden altar of the Shining One.
  5550 | D:6      | Killed bworf's ghost
  5550 | D:6      | Reached skill level 10 in Shields
  5728 | D:6      | Noticed Pikel
  5744 | D:6      | Blown up by Pikel

Vault maps used:
D:1:      shiori_shiawase
D:2:      lemuel_crystal_altar, minmay_lizard_pond
D:3:      first_bread, minmay_fountain_box, fedhas_altar_3, uniq_jessica,
          uniq_terence
D:4:      serial_shops, shop_fountains, portal_sewer_entry_e
D:5:      grunt_temple_overflow_open, nicolae_underground_beach
D:6:      kennysheep_little_box, minmay_temple_entry_enclosed_plants,
          serial_glass, glass_columns_a, glass_columns_b, glass_columns_c,
          glass_columns_a, glass_columns_a, glass_columns_b, glass_columns_a,
          glass_columns_a, minmay_ruined_shrine, uniq_duvessa, uniq_menkaure,
          uniq_pikel
Sewer:    sewer_co_cracked_pipes

Skill      XL: |  1  2  3  4  5  6  7  8  9 |
---------------+----------------------------+-----
Long Blades    | 3 4 5 6 8 |  8.2
Shields        | 4 9 10 | 10.8
Fighting       | |  3.2
Armour         | |  3.2

Action                   |  1- 3 |  4- 6 |  7- 9 || total
-------------------------+-------+-------+-------++-------
Melee: Long sword        |   105 |   219 |   487 ||   811
 Abil: Dig               |       |       |     4 ||     4
  Use: Potion            |       |     3 |       ||     3
       Scroll            |       |       |     8 ||     8
  Eat: Chunk             |       |     4 |     8 ||    12
       Royal jelly       |       |       |     1 ||     1
       Bread ration      |       |       |     1 ||     1
Armor: Scale mail        |    15 |       |       ||    15
       Ice dragon scales |    33 |   132 |   193 ||   358
Dodge: Dodged            |    35 |    77 |   130 ||   242
Block: Shield            |    65 |   148 |   274 ||   487
       Rpst.: Long sword |    11 |    24 |    43 ||    78

Table legend:
 A = Spawn XP
 B = Non-spawn XP
 C = Spawn XP percentage of total XP
 D = Spawn monster count
 E = Non-spawn monster count
 F = Spawn count percentage of total count
 G = Total turns spent on level
                    A         B        C        D         E        F      G
               +---------+---------+-------+---------+---------+-------+---------
         Total |       0 |    2807 |   0.0 |       0 |     164 |   0.0 |  5744
               +---------+---------+-------+---------+---------+-------+---------
           D:1 |       0 |      33 |   0.0 |       0 |      18 |   0.0 |   528
           D:2 |       0 |     230 |   0.0 |       0 |      31 |   0.0 |  1389
           D:3 |       0 |     448 |   0.0 |       0 |      40 |   0.0 |  1351
           D:4 |       0 |     425 |   0.0 |       0 |      28 |   0.0 |  1025
           D:5 |       0 |     478 |   0.0 |       0 |      17 |   0.0 |   531
           D:6 |       0 |    1117 |   0.0 |       0 |      15 |   0.0 |   372
         Sewer |       0 |      76 |   0.0 |       0 |      15 |   0.0 |   548
               +---------+---------+-------+---------+---------+-------+---------
